 Dungeon Crawl Stone Soup version 0.29-a0-982-gaed3a0c8d8 (webtiles) character file.

Game seed: 8178002711476288257

0 flotson the Sneak (level 1, -2/18 HPs)
             Began as a Demonspawn Delver on Aug 1, 2022.
             Slain by a gnoll
             ... wielding a +0 flail
              (11 damage)
             ... on level 2 of the Dungeon.
             The game lasted 00:00:34 (161 turns).

flotson the Sneak (Demonspawn Delver)                Turns: 161, Time: 00:00:34

Health: -2/18      AC:  3    Str: 12    XL:     1   Next: 8%
Magic:  1/1        EV: 11    Int: 11    God:
Gold:   5          SH:  0    Dex: 14    Spells: 0/0 levels left

rFire   . . .      SeeInvis .   a - +0 spear
rCold   . . .      Faith    .   (no shield)
rNeg    . . .      Spirit   .   b - +0 leather armour
rPois   .          Reflect  .   (no helmet)
rElec   .          Harm     .   (no cloak)
rCorr   .          Rampage  .   (no gloves)
Will    .....                   (no boots)
Stlth   ++........              (no amulet)
HPRegen 0.06/turn               (no ring)
MPRegen 0.07/turn               (no ring)

@: no status effects
A: no striking features
a: no special abilities


You were on level 2 of the Dungeon.
You visited 1 branch of the dungeon, and saw 4 of its levels.

You collected 5 gold pieces.

Inventory:

Hand Weapons
 a - a +0 spear (weapon)
Armour
 b - a +0 leather armour (worn)
Wands
 g - a wand of digging (3)
Scrolls
 c - a scroll of fog
 d - a scroll of magic mapping
 e - a scroll of fear
 h - a scroll of enchant weapon {unknown}
Potions
 f - a potion of haste
 i - a potion of magic {unknown}


   Skills:
 + Level 3.0 Fighting
 - Level 1.7 Polearms
 + Level 0.0 Armour
 + Level 1.7 Dodging
 - Level 4.5 Stealth
 + Level 0.0 Evocations


You couldn't memorise any spells.
You didn't know any spells.
Your spell library was empty.

Dungeon Overview and Level Annotations

Branches:
Dungeon (5/15)
 Temple: D:4-7

Altars:

Annotations:
D:2 Sigmund


Message History

The bat completely misses you.
You reach to attack!
You closely miss the bat. The bat misses you.
You reach to attack!
You closely miss the bat. The bat hits you but does no damage.
You hit the bat but do no damage. The bat barely misses you. x2
You hit the bat.
You kill the bat!
No target in view!
No target in view!
No target in view!
No target in view!
No target in view!
No target in view!
A frilled lizard comes into view.
A bat and 2 gnolls come into view.
A gnoll comes into view. It is wielding a +0 flail.
The gnoll shouts! x2
The bat hits you.
The gnoll shouts!
The frilled lizard hisses angrily.
You hit the bat.
The bat is moderately wounded.
The bat barely misses you.
You miss the bat.
The bat is moderately wounded.
The bat closely misses you.
You barely miss the gnoll. The gnoll hits you with a +0 flail!
The frilled lizard barely misses you.
You barely miss the gnoll. The frilled lizard bites you.
You are too injured to fight recklessly!
You are too injured to fight recklessly!
You are too injured to fight recklessly!
You are too injured to fight recklessly!
Unknown command.
The gnoll closely misses you.
The frilled lizard completely misses you.
The gnoll attacks as you move away! The gnoll closely misses you.
The gnoll attacks as you move away! The gnoll hits you with a +0 flail!
Ouch! That really hurt!
You die...

#.#.. ##.#.
#.... ... ...
##.# #..# #@#
#g# #l# #.#
#b# ##### #g#
......#.######
#......g.....#
#.###.#.####.#


You could see 3 gnolls, a bat and a frilled lizard.

Vanquished Creatures
  A bat (D:2)
1 creature vanquished.

Notes
Turn   | Place    | Note
-------+----------+-------------------------------------------
     0 | D:5      | flotson the Demonspawn Delver began the quest for the Orb.
     0 | D:5      | Reached XP level 1. HP: 18/18 MP: 1/1
    37 | D:5      | Noticed an iguana
    69 | D:2      | Noticed Sigmund
   161 | D:2      | Slain by a gnoll

Illustrated notes

Levels and vault maps discovered:
D:2:      layout_loops_corners, kennysheep_generic_room_5, uniq_sigmund
D:3:      layout_loops_ring, mainiacjoe_overflow_six_doors_small, serial_bayou,
          serial_bayou_pond_b, serial_bayou_lake_a, serial_bayou_pond_c,
          serial_bayou_pond_e, serial_bayou_pond_e, uniq_natasha, uniq_robin,
          uniq_jessica
D:4:      layout_basic, led_sif_pool, hellmonk_ghost_happy_afterlife,
          minmay_curled_crystal
D:5:      layout_layer_cave, makhleb_blood_cavern_becter,
          grunt_dithmenos_smoke_and_mirrors, minmay_temple_entry_steel_oval,
          skrybe_limestone_x

Action                   || total
-------------------------++-------
Melee: Spear             ||     8
Armor: Leather armour    ||     1
Dodge: Dodged            ||    10

Table legend: (Time is in decaauts)
 A = Elapsed time spent in this place.
 B = Non-inter-level travel time spent in this place.
 C = Inter-level travel time spent in this place.
 D = Time resting spent in this place.
 E = Time spent auto-exploring this place.
 F = Levels seen in this place.
 G = Mean time per level.
                   A        B        C        D        E       F      G
               +--------+--------+--------+--------+--------+-----+--------+
         Total |    160 |    160 |      0 |      0 |     77 |   4 |   40.0 |
       Dungeon |    160 |    160 |      0 |      0 |     77 |   4 |   40.0 |
               +--------+--------+--------+--------+--------+-----+--------+

Top non-repeatable levels by time:
     D:2: 93 daAuts
     D:5: 50 daAuts
     D:3: 10 daAuts
     D:4: 5 daAuts
